 Dungeon Crawl Stone Soup version 0.29.1-1-gd02db6906a (webtiles) character file.

Game seed: 1995821999029849848

38 Icepheonix32 the Caller (level 3, -1/24 HPs)
             Began as a Merfolk Summoner on Oct 7, 2022.
             Slain by Robin
             ... wielding a +0 short sword
              (3 damage)
             ... on level 2 of the Dungeon.
             The game lasted 00:02:26 (1622 turns).

Icepheonix32 the Caller (Merfolk Summoner)          Turns: 1622, Time: 00:02:26

Health: -1/24      AC:  2    Str:  8    XL:     3   Next: 43%
Magic:  5/6        EV: 12    Int: 16    God:
Gold:   68         SH:  0    Dex: 14    Spells: 3/6 levels left

rFire   . . .      SeeInvis .   f - +0 short sword (venom)
rCold   . . .      Faith    .   (no shield)
rNeg    . . .      Spirit   .   a - +0 robe
rPois   .          Reflect  .   (no helmet)
rElec   .          Harm     .   (no cloak)
rCorr   .          Rampage  .   (no gloves)
Will    .....                   (no boots)
Stlth   ++........              (no amulet)
HPRegen 0.08/turn               (no ring)
MPRegen 0.10/turn               (no ring)

@: no status effects
A: (nimble swimmer 2), mertail
a: no special abilities


You were on level 2 of the Dungeon.
You visited 1 branch of the dungeon, and saw 2 of its levels.

You collected 68 gold pieces.

Inventory:

Hand Weapons
 c - a +0 dagger
 f - a +0 short sword of venom (weapon)
Armour
 a - a +0 robe (worn)
Potions
 b - a potion of magic
 d - a potion of might {unknown}


   Skills:
 - Level 2.6 Dodging
 - Level 2.1 Stealth
 - Level 2.0 Spellcasting
 + Level 5.1 Summonings


You had 3 spell levels left.
You knew the following spells:

 Your Spells              Type           Power      Damage    Failure   Level
a - Summon Small Mammal   Summ           72%        N/A       2%          1
b - Call Imp              Summ           18%        N/A       3%          2

Your spell library contained the following spells:

 Spells                   Type           Power      Damage    Failure   Level
 Call Canine Familiar     Summ           18%        N/A       8%          3
 Summon Guardian Golem    Hex/Summ       9%         N/A       22%         3
 Summon Lightning Spire   Summ/Air       9%         N/A       56%         4


Dungeon Overview and Level Annotations

Branches:
Dungeon (2/15)

Altars:

Annotations:
D:2 Jessica, Robin


Innate Abilities, Weirdness & Mutations

((You are very nimble when in or above water. (Stealth+, EV+, Speed+++)))
Your lower body shifts to a powerful aquatic tail in water.


Message History

The hobgoblin no longer looks unusually strong.
Your crimson imp barely misses the hobgoblin.
The goblin hits you with a +0 club.
* * * LOW HITPOINT WARNING * * *
The hobgoblin misses your crimson imp.
Your crimson imp misses the hobgoblin.
You closely miss the goblin.
The goblin is severely wounded.
You kill the goblin!
The hobgoblin hits your crimson imp.
Your crimson imp barely misses the hobgoblin.
The hobgoblin barely misses your crimson imp.
Unknown command.
You hit the hobgoblin.
You kill the hobgoblin!
Your crimson imp hits Robin.
You hit Robin but do no damage.
Robin is poisoned.
Robin is moderately wounded.
Your crimson imp closely misses Robin.
Robin misses you.
You hit Robin but do no damage.
Robin is heavily wounded.
Your crimson imp hits Robin.
Robin hits you with a +0 short sword.
* * * LOW HITPOINT WARNING * * *
You closely miss Robin.
Robin is severely wounded.
Your crimson imp completely misses Robin.
Robin hits you but does no damage.
Unknown command.
You barely miss Robin.
Robin is severely wounded.
Your crimson imp hits Robin.
Robin closely misses you.
Unknown command.
You barely miss Robin.
Robin is almost dead.
Your crimson imp blinks!
Robin hits you but does no damage.
Unknown command.
You barely miss Robin.
Robin is almost dead.
Robin hits you with a +0 short sword.
You die...

######...#
##.###.... ###
#.#.# ....# ###.
.... #.#.###
##.####
.....#.)...##...
.g...)))#..#..#
.....##)#..#.##
#### #).ยง....##
#.).g.#..##
#.#.#@)...#
#.#.###=..#
..#.. ......
#.##### ..#. ..
... ### .. .


You could see Robin (poisoned).

Vanquished Creatures
  A dart slug (D:1)
  9 goblins
  3 hobgoblins
  3 ball pythons
  2 bats (D:1)
  2 kobolds (D:1)
  A rat (D:1)
21 creatures vanquished.

Vanquished Creatures (collateral kills)
  A ball python (D:1)
  2 endoplasms (D:1)
  A giant cockroach (D:1)
  A bat (D:1)
  6 goblins (D:2)
  2 rats (D:1)
13 creatures vanquished.

Grand Total: 34 creatures vanquished

Notes
Turn   | Place    | Note
-------+----------+-------------------------------------------
     0 | D:1      | Icepheonix32 the Merfolk Summoner began the quest for the
                  | Orb.
     0 | D:1      | Reached XP level 1. HP: 13/13 MP: 3/3
    19 | D:1      | Found a faded altar of an unknown god.
   524 | D:1      | Reached XP level 2. HP: 18/19 MP: 3/5
  1483 | D:2      | Noticed Jessica
  1492 | D:1      | Learned a level 2 spell: Call Imp
  1574 | D:2      | Reached XP level 3. HP: 22/24 MP: 6/6
  1586 | D:2      | Reached skill level 5 in Summonings
  1603 | D:2      | Noticed Robin
  1618 | D:2      | HP: 1/24 [Robin/+0 short sword (5)]
  1622 | D:2      | Slain by Robin

Illustrated notes

Levels and vault maps discovered:
D:1:      saegor_arrival_fortress, layout_loops_ring, basic_ecumenical_altar,
          hex_large
D:2:      layout_rooms, uniq_robin, uniq_jessica, uniq_natasha

Skill      XL: |  1  2  3 |
---------------+----------+-----
Summonings     | 5 |  5.1
Dodging        | |  2.6
Stealth        | |  2.1
Spellcasting   | |  2.0

Action                   || total
-------------------------++-------
Melee: Dagger            ||    28
       Short sword       ||    53
 Cast: Summon Small Mamm ||    11
       Call Imp          ||     2
  Use: Scroll            ||     2
       Potion            ||     1
 Stab: Sleeping          ||     1
       Distracted        ||     2
Armor: Robe              ||    18
Dodge: Dodged            ||    71
